TOP OF THE 1ST |
Oklahoma State Cowboys batting - Pitching for Baylor Bears : LHP Brian Gunther
|
Pitching: LHP Brian Gunther
|
|
Batting: LHB Bill Bryan
|
0-0: Ball 1-0: Ball 2-0: DOUBLE (Flyball, 7LM)
|
Batting: RHB Joe Sulley
|
0-0: Called Strike 0-1: Foul Ball, location: 2F 0-2: Ball 1-2: Strikes out looking
|
Batting: RHB John Lynch
|
0-0: Swinging Strike 0-1: Foul Ball, location: 2F 0-2: Strikes out swinging
|
Batting: RHB Augusto Padilla
|
0-0: Ball 1-0: Ball 2-0: Foul Ball, location: 2F 2-1: Called Strike 2-2: Strikes out swinging
|
Top of the 1st over - 0 run(s), 1 hit(s), 0 error(s), 1 left on base; Oklahoma State 0 - Baylor 0 |
BOTTOM OF THE 1ST |
Baylor Bears batting - Pitching for Oklahoma State Cowboys : RHP Pablo Ortíz
|
Pitching: RHP Pablo Ortíz
|
|
Batting: RHB Jesús Medrano
|
0-0: Foul Ball, location: 2F 0-1: Ball 1-1: Foul Ball, location: 2F 1-2: Foul Ball, location: 2F 1-2: Ground out 6-3 (Groundball, 6M)
|
Batting: RHB Bill Ward
|
0-0: SINGLE (Groundball, 6MD)
|
Batting: RHB Patrick Love
|
0-0: Ground out 4-3 (Groundball, 4M) Bill Ward to second
|
Batting: RHB Nelson Burton
|
0-0: Ball 1-0: Ball 2-0: Ball 3-0: Base on Balls
|
Batting: LHB Cipriano Rangel
|
0-0: Ball 1-0: Ball 2-0: Fielders Choice at 2nd, U6 (Groundball, 6M)
|
Bottom of the 1st over - 0 run(s), 1 hit(s), 0 error(s), 2 left on base; Oklahoma State 0 - Baylor 0 |
TOP OF THE 2ND |
Oklahoma State Cowboys batting - Pitching for Baylor Bears : LHP Brian Gunther
|
Batting: LHB Cristián Rodríguez
|
0-0: Swinging Strike 0-1: Foul Ball, location: 2F 0-2: Foul Ball, location: 2F 0-2: Strikes out swinging
|
Batting: LHB Horace Kramer
|
0-0: Called Strike 0-1: Swinging Strike 0-2: Strikes out swinging
|
Batting: RHB Ryan Williams
|
0-0: Called Strike 0-1: Called Strike 0-2: SINGLE (Groundball, 56D)
|
Batting: LHB Bryan Davis
|
0-0: Ball 1-0: Foul Ball, location: 2F 1-1: Foul Ball, location: 2F 1-2: Foul Ball, location: 2F 1-2: Strikes out swinging
|
Top of the 2nd over - 0 run(s), 1 hit(s), 0 error(s), 1 left on base; Oklahoma State 0 - Baylor 0 |
BOTTOM OF THE 2ND |
Baylor Bears batting - Pitching for Oklahoma State Cowboys : RHP Pablo Ortíz
|
Batting: LHB Alejandro Muńóz
|
0-0: Swinging Strike 0-1: Ball 1-1: Bunt for hit - play at first, batter OUT! 1-3
|
Batting: RHB Arnie Williams
|
0-0: Foul Ball, location: 2F 0-1: Fly out, F7 (Flyball, 7M)
|
Batting: LHB Jeff Sellers
|
0-0: Called Strike 0-1: Foul Ball, location: 2F 0-2: Ball 1-2: Ground out 4-3 (Groundball, 4)
|
Bottom of the 2nd over - 0 run(s), 0 hit(s), 0 error(s), 0 left on base; Oklahoma State 0 - Baylor 0 |
TOP OF THE 3RD |
Oklahoma State Cowboys batting - Pitching for Baylor Bears : LHP Brian Gunther
|
Batting: LHB César Colón
|
0-0: Called Strike 0-1: Ball 1-1: Ground out U3 (Groundball, 3S)
|
Batting: LHB Bill Bryan
|
0-0: Called Strike 0-1: Ground out 5-3 (Groundball, 56S)
|
Batting: RHB Joe Sulley
|
0-0: Ball 1-0: Called Strike 1-1: Ball 2-1: Foul Ball, location: 2F 2-2: Strikes out looking
|
Top of the 3rd over - 0 run(s), 0 hit(s), 0 error(s), 0 left on base; Oklahoma State 0 - Baylor 0 |
BOTTOM OF THE 3RD |
Baylor Bears batting - Pitching for Oklahoma State Cowboys : RHP Pablo Ortíz
|
Batting: RHB Greg Williams
|
0-0: Ball 1-0: Fly out, F8 (Flyball, 78M)
|
Batting: RHB Jesús Medrano
|
0-0: SINGLE (Groundball, 34D)
|
Batting: RHB Bill Ward
|
0-0: Called Strike Jesús Medrano is caught stealing 2nd base 0-1: Ball 1-1: Ball 2-1: Ball 3-1: Base on Balls
|
Batting: RHB Patrick Love
|
0-0: Ball 1-0: Foul Ball, location: 2F 1-1: Ball 2-1: Fly out, F9 (Flyball, 89S)
|
Bottom of the 3rd over - 0 run(s), 1 hit(s), 0 error(s), 1 left on base; Oklahoma State 0 - Baylor 0 |
TOP OF THE 4TH |
Oklahoma State Cowboys batting - Pitching for Baylor Bears : LHP Brian Gunther
|
Batting: RHB John Lynch
|
0-0: Swinging Strike 0-1: Ball 1-1: Ball 2-1: Called Strike 2-2: Ball 3-2: Foul Ball, location: 2F 3-2: SINGLE (Flyball, 9S)
|
Batting: RHB Augusto Padilla
|
0-0: Ball 1-0: Ball 2-0: Ball 3-0: Called Strike 3-1: Called Strike 3-2: Strikes out swinging
|
Batting: LHB Cristián Rodríguez
|
0-0: Ball 1-0: Called Strike 1-1: Foul Ball, location: 2F 1-2: Strikes out looking
|
Batting: LHB Horace Kramer
|
0-0: Ground out U3 (Groundball, 3L)
|
Top of the 4th over - 0 run(s), 1 hit(s), 0 error(s), 1 left on base; Oklahoma State 0 - Baylor 0 |
BOTTOM OF THE 4TH |
Baylor Bears batting - Pitching for Oklahoma State Cowboys : RHP Pablo Ortíz
|
Batting: RHB Nelson Burton
|
0-0: Ground out 6-3 (Groundball, 6)
|
Batting: LHB Cipriano Rangel
|
0-0: Called Strike 0-1: Ball 1-1: Ball 2-1: Ball 3-1: Base on Balls
|
Batting: LHB Alejandro Muńóz
|
0-0: Swinging Strike 0-1: Ball 1-1: Foul Ball, location: 2F 1-2: Grounds into double play, 4-6-3 (Groundball, 4)
|
Bottom of the 4th over - 0 run(s), 0 hit(s), 0 error(s), 0 left on base; Oklahoma State 0 - Baylor 0 |
TOP OF THE 5TH |
Oklahoma State Cowboys batting - Pitching for Baylor Bears : LHP Brian Gunther
|
Batting: RHB Ryan Williams
|
0-0: Foul Ball, location: 2F 0-1: Ball 1-1: Called Strike 1-2: Foul Ball, location: 2F 1-2: Strikes out swinging
|
Batting: LHB Bryan Davis
|
0-0: Called Strike 0-1: Swinging Strike 0-2: Ball 1-2: Ball 2-2: Ball 3-2: Foul Ball, location: 2F 3-2: Foul Ball, location: 2F 3-2: Base on Balls
|
Batting: LHB César Colón
|
0-0: Ball 1-0: Ball 2-0: Foul Ball, location: 2F 2-1: Foul Ball, location: 2F 2-2: Ground out 4-3 (Groundball, 4M) Bryan Davis to second
|
Batting: LHB Bill Bryan
|
0-0: Ball 1-0: Called Strike 1-1: Ball 2-1: Swinging Strike 2-2: Foul Ball, location: 2F 2-2: Strikes out swinging
|
Top of the 5th over - 0 run(s), 0 hit(s), 0 error(s), 1 left on base; Oklahoma State 0 - Baylor 0 |
BOTTOM OF THE 5TH |
Baylor Bears batting - Pitching for Oklahoma State Cowboys : RHP Pablo Ortíz
|
Batting: RHB Arnie Williams
|
0-0: Called Strike 0-1: Ball 1-1: Swinging Strike 1-2: Ball 2-2: Strikes out swinging
|
Batting: LHB Jeff Sellers
|
0-0: Ball 1-0: Called Strike 1-1: Foul Ball, location: 2F 1-2: Strikes out looking
|
Batting: RHB Greg Williams
|
0-0: Called Strike 0-1: Ground out 6-3 (Groundball, 6)
|
Bottom of the 5th over - 0 run(s), 0 hit(s), 0 error(s), 0 left on base; Oklahoma State 0 - Baylor 0 |
TOP OF THE 6TH |
Oklahoma State Cowboys batting - Pitching for Baylor Bears : LHP Brian Gunther
|
Pitching: RHP Mack Rhodes
|
|
Batting: RHB Joe Sulley
|
0-0: Called Strike 0-1: Foul Ball, location: 2F 0-2: Ball 1-2: Ball 2-2: Strikes out looking
|
Batting: RHB John Lynch
|
0-0: Foul Ball, location: 2F 0-1: Foul Ball, location: 2F 0-2: Ball 1-2: Foul Ball, location: 2F 1-2: Strikes out swinging
|
Batting: RHB Augusto Padilla
|
0-0: Called Strike 0-1: Swinging Strike 0-2: Ground out 6-3 (Groundball, 6MS)
|
Top of the 6th over - 0 run(s), 0 hit(s), 0 error(s), 0 left on base; Oklahoma State 0 - Baylor 0 |
BOTTOM OF THE 6TH |
Baylor Bears batting - Pitching for Oklahoma State Cowboys : RHP Pablo Ortíz
|
Batting: RHB Jesús Medrano
|
0-0: Ground out 5-3 (Groundball, 56S)
|
Batting: RHB Bill Ward
|
0-0: Fly out, F6 (Line Drive, 6)
|
Batting: RHB Patrick Love
|
0-0: Called Strike 0-1: Swinging Strike 0-2: Ball 1-2: Reached on error, E3 (Groundball, 34)
|
Batting: RHB Nelson Burton
|
0-0: Ball 1-0: Ball 2-0: Ground out 4-3 (Groundball, 4)
|
Bottom of the 6th over - 0 run(s), 0 hit(s), 1 error(s), 1 left on base; Oklahoma State 0 - Baylor 0 |
TOP OF THE 7TH |
Oklahoma State Cowboys batting - Pitching for Baylor Bears : RHP Mack Rhodes
|
Batting: LHB Cristián Rodríguez
|
0-0: Called Strike 0-1: Called Strike 0-2: Ball 1-2: Ball 2-2: Ball 3-2: Base on Balls
|
Batting: LHB Horace Kramer
|
0-0: Bunted foul 0-1: Sac Bunt - play at first, batter OUT! 2-4 Cristián Rodríguez to second
|
Batting: RHB Ryan Williams
|
0-0: Called Strike 0-1: Called Strike 0-2: Hit by Pitch
|
Batting: LHB Bryan Davis
|
0-0: Foul Ball, location: 2F 0-1: Fly out, F5 (Popup, 5SF)
|
Batting: LHB César Colón
|
0-0: Ball 1-0: Ball 2-0: Reached on error, E4 (Groundball, 4) Cristián Rodríguez to third Ryan Williams to second
|
Batting: LHB Bill Bryan
|
0-0: Swinging Strike 0-1: Ball 1-1: Foul Ball, location: 2F 1-2: Ball 2-2: Ball 3-2: Foul Ball, location: 2F 3-2: Strikes out swinging
|
Top of the 7th over - 0 run(s), 0 hit(s), 1 error(s), 3 left on base; Oklahoma State 0 - Baylor 0 |
BOTTOM OF THE 7TH |
Baylor Bears batting - Pitching for Oklahoma State Cowboys : RHP Pablo Ortíz
|
Batting: LHB Cipriano Rangel
|
0-0: Ground out 4-3 (Groundball, 4)
|
Batting: LHB Alejandro Muńóz
|
0-0: Ground out 4-3 (Groundball, 4)
|
Batting: RHB Arnie Williams
|
0-0: Ground out 4-3 (Groundball, 4M)
|
Bottom of the 7th over - 0 run(s), 0 hit(s), 0 error(s), 0 left on base; Oklahoma State 0 - Baylor 0 |
TOP OF THE 8TH |
Oklahoma State Cowboys batting - Pitching for Baylor Bears : RHP Mack Rhodes
|
Pitching: RHP Jeff Hudson
|
|
Batting: RHB Joe Sulley
|
0-0: Ball 1-0: Called Strike 1-1: Ball 2-1: Ball 3-1: Called Strike 3-2: Strikes out swinging
|
Batting: RHB John Lynch
|
0-0: SINGLE (Line Drive, 7S)
|
Batting: RHB Augusto Padilla
|
0-0: Called Strike 0-1: Ball 1-1: Swinging Strike 1-2: Fly out, F9 (Flyball, 89S)
|
Batting: LHB Cristián Rodríguez
|
0-0: Ball 1-0: Ball 2-0: Called Strike 2-1: Foul Ball, location: 2F 2-2: Strikes out swinging
|
Top of the 8th over - 0 run(s), 1 hit(s), 0 error(s), 1 left on base; Oklahoma State 0 - Baylor 0 |
BOTTOM OF THE 8TH |
Baylor Bears batting - Pitching for Oklahoma State Cowboys : RHP Pablo Ortíz
|
Batting: LHB Jeff Sellers
|
0-0: Called Strike 0-1: Ground out 4-3 (Groundball, 4)
|
Batting: RHB Greg Williams
|
0-0: Ball 1-0: Ball 2-0: Foul Ball, location: 2F 2-1: Ball 3-1: Called Strike 3-2: Strikes out looking
|
Batting: RHB Jesús Medrano
|
0-0: Called Strike 0-1: SINGLE (Line Drive, 6MD)
|
Batting: RHB Bill Ward
|
0-0: Ball 1-0: Ball 2-0: Fielders Choice at 2nd, U6 (Groundball, 6M)
|
Bottom of the 8th over - 0 run(s), 1 hit(s), 0 error(s), 1 left on base; Oklahoma State 0 - Baylor 0 |
TOP OF THE 9TH |
Oklahoma State Cowboys batting - Pitching for Baylor Bears : RHP Jeff Hudson
|
Pitching: RHP Dave Thompson
|
|
Batting: LHB Horace Kramer
|
0-0: Ball 1-0: Called Strike 1-1: Foul Ball, location: 2F 1-2: DOUBLE (Flyball, 8LM)
|
Batting: RHB Ryan Williams
|
0-0: Swinging Strike 0-1: Ball 1-1: Swinging Strike 1-2: Strikes out swinging
|
Batting: LHB Bryan Davis
|
0-0: Intentional Walk
|
Batting: LHB César Colón
|
0-0: Ball Horace Kramer is caught stealing 3rd base Bryan Davis to second 1-0: Foul Ball, location: 2F 1-1: Ball 2-1: Swinging Strike 2-2: Strikes out swinging
|
Top of the 9th over - 0 run(s), 1 hit(s), 0 error(s), 1 left on base; Oklahoma State 0 - Baylor 0 |
BOTTOM OF THE 9TH |
Baylor Bears batting - Pitching for Oklahoma State Cowboys : RHP Pablo Ortíz
|
Pitching: RHP Dawson Piper
|
|
Batting: RHB Patrick Love
|
0-0: Ball 1-0: Fly out, F9 (Flyball, 89M)
|
Batting: RHB Nelson Burton
|
0-0: Called Strike 0-1: Ball 1-1: Foul Ball, location: 2F 1-2: Ball 2-2: Fly out, F3 (Popup, 3DF)
|
Batting: LHB Cipriano Rangel
|
0-0: Ball 1-0: Ball 2-0: Foul Ball, location: 2F 2-1: Swinging Strike 2-2: Ball 3-2: Foul Ball, location: 2F 3-2: SOLO HOME RUN (Line Drive, 9LD), Distance : 330 ft
|
Monday, December 5th, 2016 - OOTP Baseball 17.12 Build 75
|
|